 Dungeon Crawl Stone Soup version 0.25-a0-2-g6559c6c (console) character file.

Game seed: 11287806021407018201, levelgen mode: deterministic

1281 FoCheiMinh the Cleaver (level 8, 0/61 HPs)
             Began as a Formicid Fighter on Oct 14, 2019.
             Was an Initiate of Cheibriados.
             Slain by Pikel
             ... wielding a +2 whip of electrocution
              (14 damage)
             ... on level 5 of the Dungeon.
             The game lasted 00:24:39 (6709 turns).

FoCheiMinh the Cleaver (Formicid Fighter)           Turns: 6709, Time: 00:24:39

Health: 0/61       AC: 12    Str: 23    XL:     8   Next: 84%
Magic:  8/8        EV:  7    Int: 10    God:    Cheibriados [......]
Gold:   279        SH: 10    Dex: 11    Spells: 7/7 levels left

rFire    . . .     SeeInvis +   a - +0 battleaxe
rCold    . . .     Gourm    .   i - +0 shield
rNeg     + . .     Faith    .   L - +0 chain mail
rPois    .         Spirit   .   (helmet unavailable)
rElec    .         Reflect  .   M - +2 cloak
rCorr    +         Harm     .   (no gloves)
MR       .....                  (no boots)
Stlth    ..........             (no amulet)
HPRegen  0.20/turn              q - ring of positive energy
MPRegen  0.11/turn              A - ring of resist corrosion

@: very slow
A: permanent stasis, dig shafts and tunnels, four strong arms, antennae 3
a: Dig, Shaft Self, Bend Time, Renounce Religion


You were on level 5 of the Dungeon.
You worshipped Cheibriados.
Cheibriados was noncommittal.
You were not hungry.

You visited 2 branches of the dungeon, and saw 8 of its levels.

You collected 279 gold pieces.

Inventory:

Hand Weapons
 a - a +0 battleaxe (weapon)
 b - a +1 spear of flaming
 D - a +0 halberd
 F - a +0 war axe
 G - a +0 flail
 H - a +0 trident
 J - a +4 dire flail of crushing
Missiles
 g - 136 stones (quivered)
 m - 63 bolts
 o - 18 sling bullets
 r - 7 boomerangs
 u - 4 throwing nets
 C - 54 arrows
Armour
 d - a +0 scale mail
 i - a +0 shield (worn)
 L - a +0 chain mail (worn)
 M - a +2 cloak (worn)
Jewellery
 q - a ring of positive energy (left hand)
 A - a ring of resist corrosion (right hand)
Wands
 v - a wand of random effects (11)
 x - a wand of flame (25)
 E - a wand of enslavement (12)
Scrolls
 c - a scroll of enchant armour {unknown}
 h - 4 scrolls of amnesia {unknown}
 j - a scroll of fear {unknown}
 k - 7 scrolls of identify {unknown}
 l - 4 scrolls of remove curse {unknown}
 s - 4 scrolls of teleportation {unknown}
 w - a scroll of immolation {unknown}
 B - 2 scrolls of blinking {unknown}
 N - a scroll of random uselessness {unknown}
Potions
 e - 4 potions of curing
 n - a potion of mutation {unknown}
 p - a potion of cancellation {unknown}
 t - a potion of lignification {unknown}
 y - 3 potions of might
 z - a potion of flight {unknown}
 I - 2 potions of heal wounds {unknown}
Comestibles
 f - 7 rations
 K - a chunk of flesh


   Skills:
 + Level 4.4 Fighting
 * Level 8.8 Axes
 + Level 4.8 Armour
 + Level 1.3 Dodging
 + Level 4.6 Shields


You had 7 spell levels left.
You didn't know any spells.
Your spell library was empty.

Dungeon Overview and Level Annotations

Branches:
Dungeon (7/15)             Temple (1/1) D:5

Altars:
Ashenzari
Cheibriados
Elyvilon
Fedhas
Gozag
Hepliaklqana
Kikubaaqudgha
Makhleb
Nemelex Xobeh
Okawaru
Qazlal
Ru
Trog
Wu Jian
Xom
Yredelemnul
The Shining One

Shops:
D:4 %

Annotations:
D:5 Pikel


Innate Abilities, Weirdness & Mutations

You cannot be hasted, slowed, berserked, paralysed or teleported.
You can dig through walls and to a lower floor.
Your four strong arms can wield two-handed weapons with a shield.
You have a pair of large antennae on your head. (SInv)


Message History

You closely miss Pikel. You block Pikel's attack.
You hit Pikel but do no damage. You block Pikel's attack.
You slice Pikel!!
Pikel is heavily wounded.
Pikel closely misses you.
Pikel hits you with a +2 whip of electrocution.
You hit Pikel but do no damage.
Pikel is heavily wounded.
You block Pikel's attack.
You barely miss Pikel.
Pikel is heavily wounded.
Pikel hits you with a +2 whip of electrocution.
You are electrocuted!
Pikel hits you with a +2 whip of electrocution.
You are electrocuted!
* * * LOW HITPOINT WARNING * * *
Unknown command.
It was a potion of curing.
You feel better. Pikel hits you but does no damage.
You are electrocuted!
You die...

...≈≈≈≈≈≈≈≈≈p....... ##....
.≈≈≈≈≈≈≈≈≈≈≈≈≈=..# .......
≈≈≈≈≈≈≈≈≈≈≈≈≈≈≈... ........
≈≈≈≈≈≈...≈≈≈≈≈≈............
≈≈≈≈≈≈.>.≈≈≈≈≈≈......#.....
≈≈≈≈≈≈...≈≈≈≈≈≈......##....
.≈≈≈≈≈≈≈≈≈≈≈≈≈..... #####
...≈≈≈≈≈≈≈≈≈....... ######
.....≈≈≈≈≈@Kp....# . #.....
.................##..#...##
.#...........##............
#.........................
...[..#.......##..........
#.#.#.#.#.#.#.#.#.#.#.#..
#.....................>..
....#.#.#.#.#.#.#.#.#.#.#..
. ........................


You could see Pikel and a slave.

Vanquished Creatures
  A hungry ghost (D:7)
  Edmund (D:5)
  An ice beast (D:7)
  2 slaves
  2 centaurs
  A bullfrog (D:7)
  2 howler monkeys
  2 crimson imps
  An orc wizard (D:4)
  A bullfrog skeleton (D:5)
  2 orc priests
  A hound (D:5)
  An iguana (D:4)
  A worker ant (D:4)
  A hound zombie (D:5)
  8 adders
  12 gnolls
  A shadow imp (D:5)
  2 oozes
  2 adder zombies (D:5)
  An adder skeleton (D:4)
  5 worms
  3 dart slugs (D:1)
  2 leopard geckos
  17 orcs
  A ball python (D:1)
  A giant cockroach (D:3)
  12 goblins
  9 hobgoblins
  14 jackals
  8 kobolds
  2 quokkas
  9 bats
  5 frilled lizards
  A jackal skeleton (D:4)
  A leopard gecko zombie (D:5)
  A quokka zombie (D:5)
  11 rats
  A bush (D:5)
149 creatures vanquished.

Vanquished Creatures (others)
  An adder (D:5)
  A hobgoblin (D:3)
  A quokka (D:5)
3 creatures vanquished.

Grand Total: 152 creatures vanquished

Notes
Turn   | Place    | Note
-------+----------+-------------------------------------------
     0 | D:1      | FoCheiMinh the Formicid Fighter began the quest for the
                  | Orb.
     0 | D:1      | Reached XP level 1. HP: 18/18 MP: 1/1
   170 | D:1      | Reached XP level 2. HP: 24/24 MP: 2/2
   285 | D:1      | Reached skill level 3 in Axes
   412 | D:1      | Reached XP level 3. HP: 29/29 MP: 3/3
   876 | D:2      | Reached skill level 4 in Axes
   876 | D:2      | Reached XP level 4. HP: 31/35 MP: 4/4
   961 | D:2      | Found an iron altar of Okawaru.
  2276 | D:3      | Reached XP level 5. HP: 31/41 MP: 5/5
  2770 | D:3      | Reached skill level 5 in Axes
  2986 | D:3      | Reached XP level 6. HP: 37/47 MP: 6/6
  3259 | D:3      | Found a stormy altar of Qazlal.
  3713 | D:4      | Reached skill level 6 in Axes
  3863 | D:4      | You fall into a shaft and drop 3 floors!
  3911 | D:7      | Reached XP level 7. HP: 37/52 MP: 7/7
  3986 | D:7      | Reached skill level 7 in Axes
  4046 | D:7      | Noticed a hungry ghost
  4089 | D:7      | Killed a hungry ghost
  4334 | D:7      | Reached skill level 1 in Dodging
  4334 | D:7      | Reached XP level 8. HP: 3/60 MP: 8/8
  4642 | D:5      | Entered Level 5 of the Dungeon
  4901 | D:4      | Found Duihezits's Food Boutique.
  5068 | D:4      | Noticed a moth of wrath
  5071 | D:4      | Found a bloodstained altar of Trog.
  5435 | D:4      | Found a basalt altar of Yredelemnul.
  5497 | D:5      | Reached skill level 8 in Axes
  5546 | D:5      | Noticed Pikel
  5942 | D:5      | Noticed Edmund
  5970 | D:5      | Killed Edmund
  6439 | D:5      | Found a glowing golden altar of the Shining One.
  6511 | D:5      | Found a staircase to the Ecumenical Temple.
  6524 | Temple   | Entered the Ecumenical Temple
  6684 | Temple   | Became a worshipper of Cheibriados the Contemplative
  6709 | D:5      | Slain by Pikel

Levels and vault maps discovered:
D:1:      grunt_arrival_lava_bath, layout_basic
D:2:      layout_basic, okawaru_ov_weapons_minmay
D:3:      layout_basic, grunt_qazlal_clouds
D:4:      layout_rooms, kennysheep_mini_moat, tgw_trog, first_ration,
          serial_shops, shop
D:5:      layout_cave_pools, lemuel_blue_sif_altar,
          nicolae_overflow_hidden_temple, temple_pool_b, st_stairs_13,
          minmay_hedge_maze, uniq_pikel, uniq_edmund
D:6:      black_bear_nest_1, layout_gridville, serial_shops, shop,
          gammafunk_ghost_cemetery
D:7:      layout_gridville, grunt_ogre_cave, nrook_pool_corridor
Temple:   hc_temple_tempest_star

Skill      XL: |  1  2  3  4  5  6  7  8 |
---------------+-------------------------+-----
Axes           | 3 4 5 6 7 8 |  8.8
Shields        | 4 |  4.6
Fighting       | 4 |  4.4
Armour         | 4 |  4.8
Dodging        | 1 |  1.3

Action                   |  1- 3 |  4- 6 |  7- 9 || total
-------------------------+-------+-------+-------++-------
Melee: War axe           |    87 |   228 |   123 ||   438
       Spear             |       |       |    14 ||    14
       Battleaxe         |       |       |   103 ||   103
 Abil: Dig               |       |     4 |     9 ||    13
  Use: Potion            |       |       |     1 ||     1
 Stab: Distracted        |       |       |     1 ||     1
  Eat: Chunk             |       |    11 |    19 ||    30
Armor: Scale mail        |    33 |    86 |    62 ||   181
       Chain mail        |       |       |    13 ||    13
Dodge: Dodged            |    29 |    65 |    50 ||   144
Block: Shield            |    49 |   102 |   104 ||   255

Table legend:
 A = Non-vault XP
 B = Vault XP
 C = Vault XP percentage of total XP
 D = Non-vault monster count
 E = Vault monster count
 F = Vault count percentage of total count
                 A         B        C        D         E       F
            +---------+---------+-------+---------+---------+-------
      Total |    1592 |     239 |  13.1 |     139 |       7 |   4.8
            +---------+---------+-------+---------+---------+-------
        D:1 |      53 |       0 |   0.0 |      26 |       0 |   0.0
        D:2 |      66 |       0 |   0.0 |      27 |       0 |   0.0
        D:3 |     215 |       0 |   0.0 |      36 |       0 |   0.0
        D:4 |     343 |      13 |   3.7 |      20 |       5 |  20.0
        D:5 |     333 |     226 |  40.4 |      18 |       2 |  10.0
        D:7 |     569 |       0 |   0.0 |      11 |       0 |   0.0
     Temple |      13 |       0 |   0.0 |       1 |       0 |   0.0
            +---------+---------+-------+---------+---------+-------
